Map: Dusk Towers

Players

TrendsGIAS

  • Race: Zerg Zerg
  • League: Gold

capac - Winner!

  • Race: Terran Terran
  • League: Gold

VOD

Have the link to the VOD?

Description

Time

  • Played on: March 5, 2016, 11:54 a.m.
  • Length: 31:11
Show
View Real Time Build Order
Export as new Build Order

TrendsGIAS Zerg 

Build Orders: Hatch First 

Get SALT Encoding   

  12  0:02  Drone  
  13  0:10  Drone  
  14  0:17  Overlord  
  14  0:37  Drone x3  
  17  0:56  Drone  
  18  1:02  Hatchery  
  17  1:07  Extractor  
  16  1:14  Spawning Pool  
  16  1:15  Drone  
  16  1:19  Drone  
  16  1:24  Drone  
  18  1:32  Drone  
  19  1:42  Drone  
  20  1:54  Drone  
  21  2:06  Overlord  
  21  2:13  Queen, Roach Warren  
  21  2:15  Zergling x2  
  23  2:16  Metabolic Boost  
  23  2:24  Queen  
  23  2:26  Drone  
  26  2:30  Zergling x2  
  27  2:47  Evolution Chamber  
  27  2:49  Evolution Chamber  
  25  2:52  Queen  
  27  2:59  Drone x3  
  27  3:01  Drone x2  
  32  3:16  Drone  
  32  3:18  Drone x2  
  35  3:34  Lair  
  35  3:43  Extractor  
  35  3:46  Extractor  
  35  3:47  Drone x2  
  35  3:48  Drone  
  36  3:50  Extractor  
  35  3:58  Overlord x2  
  35  4:05  Hatchery  
  34  4:12  Drone x2  
  34  4:14  Overlord x2  
  36  4:26  Zerg Missile Weapons Level 1  
  36  4:35  Zerg Ground Armor Level 1  
  36  4:44  Drone x4  
  40  4:56  Roach  
  40  4:58  Roach x2  
  40  4:59  Roach  
  48  5:12  Drone x2  
  48  5:13  Drone x3  
  53  5:17  Glial Reconstitution  
  53  5:29  Drone x2  
  53  5:31  Roach x2  
  53  5:33  Roach  
  53  5:35  Ravager x3  
  64  5:36  Ravager  
  65  5:47  Roach x3  
  71  5:50  Zergling x4  
  71  5:55  Drone  
  74  5:59  Overlord  
  74  6:00  Overlord  
  74  6:07  Overlord  
  74  6:18  Drone  
  75  6:19  Drone  
  75  6:21  Roach x3  
  75  6:24  Roach x2  
  86  6:27  Ravager x5  
  91  6:36  Queen  
  91  6:37  Drone  
  91  6:38  Drone  
  95  6:43  Roach  
  95  6:44  Extractor  
  95  6:45  Overlord  
  95  6:46  Extractor  
  95  6:47  Overlord  
  95  6:52  Ravager x3  
  98  6:57  Zerg Melee Weapons Level 1  
  98  7:03  Roach x2  
  98  7:04  Roach  
  98  7:06  Roach  
  98  7:07  Roach  
  108  7:10  Drone x2  
  110  7:30  Drone  
  110  7:31  Drone  
  110  7:35  Roach  
  114  7:38  Overlord x2  
  114  7:39  Overlord x2  
  93  8:23  Roach x2  
  93  8:24  Roach x4  
  93  8:26  Roach x6  
  117  8:28  Roach x2  
  117  8:30  Overlord x3  
  121  9:01  Queen  
  121  9:02  Drone x3  
  126  9:07  Ravager x6  
  126  9:08  Ravager x3  
  139  9:10  Roach x2  
  139  9:35  Roach  
  139  9:36  Roach x2  
  139  9:38  Overlord x2  
  76  10:20  Roach x3  
  82  10:22  Roach  
  82  10:23  Roach x2  
  82  10:24  Roach x2  
  82  10:25  Roach x4  
  82  10:27  Ravager x4  
  82  10:28  Ravager x5  
  109  10:50  Roach x2  
  109  10:52  Roach x2  
  109  10:53  Roach  
  109  10:54  Roach  
  121  11:01  Ravager  
  121  11:02  Ravager x4  
  126  11:05  Zerg Missile Weapons Level 2  
  126  11:06  Hatchery  
  125  11:12  Roach x4  
  125  11:14  Roach x3  
  125  11:15  Roach  
  125  11:18  Roach x2  
  145  11:40  Roach x5  
  145  11:41  Roach  
  145  11:42  Zergling x6  
  145  11:44  Zergling x4  
  162  11:50  Overlord  
  162  12:06  Overlord x2  
  162  12:10  Overlord x2  
  162  12:21  Zergling x2  
  163  12:25  Hatchery, Roach x3  
  147  12:49  Overseer x3  
  147  12:51  Roach x3  
  147  12:53  Roach x2  
  147  12:54  Roach  
  147  12:56  Ravager x6  
  165  13:05  Overseer  
  165  13:15  Roach  
  165  13:16  Roach  
  165  13:17  Zergling x2, Roach  
  165  13:19  Roach x2  
  180  13:20  Roach x3  
  180  13:24  Ravager x4  
  186  13:47  Drone x5  
  186  13:48  Drone x2  
  193  14:21  Roach x3  
  199  14:25  Overlord x3  
  180  15:08  Roach x2  
  180  15:09  Roach x3  
  180  15:11  Roach x3  
  196  15:15  Ravager x3  
  157  15:36  Roach x5  
  157  15:37  Roach x2  
  157  15:39  Roach x2  
  157  15:41  Zergling x4  
  136  16:13  Roach x3  
  136  16:15  Roach x5  
  136  16:17  Roach x3  
  158  16:19  Queen, Roach x3  
  158  16:21  Ravager  
  158  16:22  Ravager x7  
  158  16:23  Ravager x2  
  158  16:25  Ravager x2  
  178  16:36  Extractor x2  
  176  16:49  Hatchery  
  175  16:57  Roach x3  
  175  16:59  Ravager x2  
  175  17:00  Ravager x5  
  188  17:02  Roach x3  
  194  17:10  Zergling x4, Roach  
  198  17:28  Zerg Ground Armor Level 2  
  112  18:14  Roach  
  112  18:15  Roach x3  
  112  18:17  Roach x4  
  112  18:19  Roach  
  130  18:48  Ravager x2  
  132  19:00  Hatchery  
  131  19:09  Extractor x2  
  129  19:26  Roach  
  129  19:27  Roach x5  
  129  19:29  Roach x3  
  129  19:30  Roach x2  
  151  19:34  Ravager  
  152  19:43  Zergling x2  
  152  19:44  Zergling x4  
  155  19:46  Zergling x10  
  155  19:48  Zergling x4  
  155  19:49  Roach x4  
  119  20:35  Roach x3  
  120  20:39  Roach x3  
  126  20:56  Drone  
  126  20:57  Drone x2  
  129  21:14  Roach  
  129  21:15  Roach x2  
  129  21:18  Roach x3  
  141  21:20  Roach x3  
  147  21:26  Hatchery  
  146  21:40  Roach x3  
  146  21:44  Ravager x2  
  154  21:58  Hatchery  
  121  22:10  Roach x3  
  127  22:32  Ravager x2  
  127  22:35  Zergling x4  
  127  22:36  Zergling x2  
  127  22:37  Zergling x4  
  134  22:39  Zergling x6  
  134  22:41  Drone  
  134  22:43  Queen  
  140  22:58  Ravager x2  
  142  23:05  Extractor  
  142  23:20  Ravager x3  
  142  23:23  Zergling x6  
  142  23:24  Zergling x6  
  142  23:26  Zergling x12  
  155  23:28  Roach x2  
  155  23:29  Zergling x8  
  155  23:32  Ravager  
  164  23:37  Drone x3  
  164  23:39  Queen  
  169  23:47  Drone x2  
  169  23:48  Drone  
  167  24:06  Ravager x4  
  167  24:07  Ravager  
  167  24:08  Zergling x6  
  175  24:16  Extractor  
  174  24:17  Extractor  
  174  24:20  Drone x3  
  169  24:38  Roach  
  169  24:39  Roach  
  169  24:41  Roach x3  
  169  24:43  Roach x3  
  189  24:45  Roach x2  
  176  24:58  Ravager x5  
  120  25:36  Roach x2  
  120  25:37  Roach  
  126  25:45  Ravager x6  
  126  25:48  Roach  
  126  25:49  Roach x2  
  138  25:50  Roach  
  138  25:51  Hatchery  
  83  26:29  Roach x3  
  83  26:31  Roach x3  
  95  26:33  Roach x3  
  95  26:35  Roach x5  
  95  26:36  Roach  
  111  26:52  Roach  
  111  26:53  Roach  
  115  27:03  Roach  
  115  27:05  Ravager x2  
  115  27:06  Ravager x5  
  124  27:09  Zergling x6  
  124  27:11  Roach x3  
  124  27:13  Zergling x6  
  124  27:15  Zergling x4  
  138  27:18  Ravager  
  76  27:54  Roach x5  
  72  28:07  Roach  
  72  28:08  Roach x4  
  72  28:10  Roach x4  
  72  28:12  Roach x3  
  96  28:15  Roach x3  
  96  28:17  Ravager x2  
  96  28:18  Ravager x2  
  106  28:28  Drone  
  106  28:30  Queen  
  109  28:38  Drone x2  
  111  28:46  Ravager x4  
  115  28:53  Drone x2  
  117  28:58  Extractor, Drone  
  117  29:06  Queen  
  117  29:09  Hatchery  
  117  29:13  Roach x3  
  117  29:14  Roach x3  
  133  29:17  Roach x6  
  133  29:20  Ravager x2  
  133  29:23  Ravager  
  144  29:26  Drone x2  
  146  29:41  Ravager  
  146  29:42  Ravager x2  
  146  29:45  Zergling x4  
  151  29:46  Zergling x2  
  151  29:47  Zergling x10  
  145  29:58  Ravager x3  
  145  29:59  Ravager  
  140  30:03  Zergling x2  
  140  30:04  Zergling x2  
  142  30:09  Extractor  
  141  30:16  Ravager x3  
Show
View Real Time Build Order
Export as new Build Order

capac Terran - Winner!

Build Orders: MMM Bio 

Get SALT Encoding   

  12  0:01  SCV  
  13  0:13  SCV  
  14  0:17  Supply Depot  
  14  0:26  SCV  
  15  0:39  SCV  
  15  0:40  Barracks  
  16  0:51  SCV  
  16  0:53  Refinery  
  17  1:03  SCV  
  18  1:15  SCV  
  19  1:28  SCV  
  20  1:36  Barracks Reactor, Command Center  
  20  1:40  SCV  
  21  1:48  Supply Depot  
  21  1:54  Orbital Command  
  21  2:16  Marine x2  
  21  2:18  Barracks  
  21  2:20  SCV  
  24  2:28  Refinery  
  24  2:33  SCV  
  25  2:37  Marine  
  25  2:38  Marine  
  27  2:45  Factory  
  27  2:47  SCV  
  27  3:00  SCV  
  28  3:07  Barracks Tech Lab, Marine x2  
  28  3:12  SCV  
  31  3:18  Orbital Command  
  31  3:25  Marine x2  
  31  3:26  Marine  
  34  3:28  Stimpack  
  34  3:29  Factory Tech Lab  
  34  3:33  SCV  
  35  3:44  Supply Depot  
  35  3:47  Marine x2  
  37  3:48  Marine  
  37  3:52  Siege Tank  
  41  3:57  SCV x2  
  43  4:07  Supply Depot  
  43  4:10  SCV x2  
  45  4:17  Marine  
  45  4:18  Starport  
  45  4:19  Marine x2  
  45  4:22  SCV  
  49  4:32  Siege Tank  
  49  4:35  Marine  
  49  4:36  Marine, SCV  
  49  4:38  SCV  
  56  4:44  Engineering Bay  
  56  4:46  Marine  
  56  4:50  Supply Depot  
  57  4:53  Marine  
  57  4:54  Marine  
  57  4:56  Refinery  
  59  5:03  Starport Reactor  
  59  5:09  Siege Tank  
  59  5:12  Marine x2  
  59  5:13  Marine  
  65  5:20  Terran Infantry Weapons Level 1  
  65  5:21  Engineering Bay, SCV x2  
  65  5:25  Supply Depot  
  67  5:33  SCV x2  
  69  5:37  Marine x2  
  69  5:38  Marine  
  69  5:40  Medivac  
  69  5:41  Medivac  
  76  5:48  Supply Depot  
  76  5:54  SCV x2  
  78  6:00  Marine  
  78  6:01  Marine x2  
  81  6:09  Refinery  
  81  6:10  SCV x2, Medivac  
  81  6:11  Medivac  
  87  6:16  Combat Shields  
  87  6:21  Marine x3  
  90  6:26  Terran Infantry Armor Level 1  
  90  6:33  SCV x2  
  90  6:36  Armory  
  90  6:39  Marine  
  93  6:59  SCV  
  94  7:03  Liberator  
  94  7:06  Supply Depot  
  94  7:12  Supply Depot  
  94  7:13  Missile Turret  
  94  7:20  Marine x2, SCV x2  
  101  7:24  Liberator  
  101  7:26  Terran Infantry Weapons Level 2  
  101  7:28  Barracks  
  101  7:29  Barracks  
  101  7:30  Barracks  
  101  7:32  Supply Depot, SCV  
  101  7:34  Supply Depot  
  102  7:40  Siege Tank  
  108  7:45  Terran Ship Weapons Level 1  
  108  7:47  SCV x2  
  110  8:10  Liberator x2  
  95  8:31  Barracks Tech Lab x2, Barracks Reactor  
  99  8:44  Command Center  
  99  8:48  Siege Tank  
  102  8:49  Marine x3  
  102  8:53  Supply Depot  
  105  9:03  Supply Depot  
  105  9:04  Marine  
  105  9:05  Marine  
  105  9:06  Marine  
  105  9:07  Marine x2  
  110  9:11  Marine x2  
  112  9:20  Siege Tank  
  112  9:22  Marine  
  112  9:23  Marauder  
  118  9:24  Starport  
  118  9:25  Starport, Marauder  
  120  9:35  Marine x3  
  120  9:36  Marine  
  124  9:41  Marauder  
  124  9:44  Marauder  
  128  9:46  Marauder  
  128  9:52  Siege Tank  
  128  9:58  Medivac x2  
  127  10:19  Marine x4  
  133  10:21  Marauder x2  
  133  10:22  Marauder  
  133  10:24  Terran Infantry Weapons Level 3  
  133  10:25  Terran Infantry Armor Level 2  
  137  10:35  SCV x2  
  137  10:36  Refinery, Marine  
  137  10:37  Marine x2  
  137  10:38  Orbital Command  
  137  10:41  Refinery  
  142  10:45  Marine  
  142  10:47  Marauder x3  
  149  10:54  Marine x2  
  151  11:06  Medivac x2  
  151  11:10  Starport Reactor x2  
  155  11:17  SCV x3  
  158  11:32  Marine x4  
  161  11:34  Marauder  
  164  11:43  Terran Ship Weapons Level 2  
  164  11:47  Supply Depot x2  
  164  11:59  Liberator x2  
  164  12:05  Concussive Shells  
  164  12:09  Marauder x2  
  164  12:13  Marine x4  
  164  12:14  Marauder  
  180  12:31  Marauder x2  
  180  12:36  Marauder  
  155  12:45  Marine x3  
  155  12:46  Marine  
  155  12:48  Terran Infantry Armor Level 3  
  155  12:50  Siege Tank  
  162  12:52  Marauder x2  
  166  12:59  Marine  
  166  13:02  Marine  
  166  13:03  Marine x2  
  170  13:06  Barracks  
  170  13:08  Barracks  
  170  13:15  Marauder x2, Marine  
  170  13:17  Marine  
  176  13:20  Marine  
  176  13:21  Marine x2  
  179  13:37  Liberator x3  
  179  13:49  Command Center  
  188  14:03  Fusion Core  
  188  14:05  Marine  
  189  14:27  Barracks Reactor x2  
  189  14:29  Barracks  
  189  14:32  Barracks  
  189  14:37  Marine x2  
  189  14:39  Marine  
  172  15:13  Marine  
  172  15:14  Marine x6  
  173  15:15  Marine x2  
  151  16:09  Marine  
  151  16:10  Marine x6  
  154  16:11  Marine  
  154  16:12  Marauder x2  
  154  16:13  Marauder  
  154  16:15  Barracks Reactor  
  161  16:22  Barracks Reactor  
  161  16:27  Marine x2  
  161  16:28  Marine x3  
  166  16:33  Planetary Fortress  
  166  16:34  Marauder x2  
  170  16:42  Liberator x4  
  170  16:43  Liberator x2  
  188  17:17  Refinery x2  
  188  17:25  Liberator x4  
  188  17:43  Starport  
  175  18:35  Marine x5  
  175  18:36  Marine x4  
  175  18:37  Marine x3  
  175  18:38  Marauder x2  
  175  18:39  Marauder  
  193  18:46  Starport Tech Lab  
  193  18:50  Terran Ship Weapons Level 3  
  193  18:53  Marine x6  
  193  18:54  Marine  
  153  20:33  Marine x5  
  153  20:34  Marine x7  
  153  20:35  Marine x3  
  161  20:51  Marine x2  
  161  20:53  Marine x3  
  161  20:54  Marine x7  
  161  20:55  Marine x3, Command Center  
  161  20:56  Liberator x2  
  161  20:57  Liberator x2  
  176  21:08  Marine  
  189  21:23  Medivac x2  
  193  21:34  Terran Vehicle And Ship Armor Level 1  
  193  21:40  Advanced Ballistics  
  193  21:55  Marine x5  
  193  21:56  Marine  
  196  22:45  Planetary Fortress  
  196  23:30  Terran Vehicle And Ship Armor Level 2  
  196  23:38  Refinery  
  196  23:39  Refinery  
  174  24:36  Marine x5  
  174  24:37  Marine x4  
  174  24:38  Marauder x3  
  188  24:59  Marauder  
  164  26:27  Medivac x3  
  164  26:28  Marine, Medivac  
  164  26:29  Marine x7  
  164  26:30  Marine x3  
  181  27:23  Medivac x3  
  181  27:24  Marine x5  
  181  27:25  Marine x3  
  181  27:26  Marauder x2  
  137  28:08  Marine x5  
  137  28:09  Marine x4  
  137  28:10  Marauder  
  148  28:21  Marine x2  
  148  28:22  Marine x3  
  148  28:26  Marine x6  
  159  28:37  Marine x4  
  159  28:39  Marine x4  
  159  28:40  Marine  
  168  28:43  Marine  
  168  28:44  Marine x5  
  174  28:55  Marine x3  
  177  28:56  Command Center  
  175  29:19  Marine x5  
  175  29:20  Marine x7  
  175  29:21  Marine  
  175  29:22  Marine  
  175  29:23  Marine  
  190  29:37  Marine x3  
Tags
 
Composition
MMM Bio
League
GoldGold
Matchup
TvZ
Add a new tag
Caveats
  • Supply blocks, unpowered buildings, or Contaminate may cause inaccurate times.
  • Supply counts are checked every 10 seconds.